 Dungeon Crawl Stone Soup version 0.29-a0-337-g68df138881 (webtiles) character file.

Game seed: 15577882069583125141

4363 quokkamancerX the Basher (level 10, -4/93 HPs)
             Began as a Minotaur Berserker on Apr 16, 2022.
             Was an Elder of Trog.
             Slain by a seven-headed hydra (11 damage)
             ... on level 7 of the Dungeon.
             The game lasted 00:36:56 (9254 turns).

quokkamancerX the Basher (Minotaur Berserker)       Turns: 9254, Time: 00:36:57

Health: -4/93      AC: 12    Str: 27    XL:     10   Next: 12%
Magic:  9/9        EV:  9    Int:  4    God:    Trog [****..]
Gold:   423        SH:  0    Dex:  9    Spells: 9/9 levels left

rFire   . . .      SeeInvis .   s - +1 flail (flame)
rCold   . . .      Faith    .   (no shield)
rNeg    . . .      Spirit   .   n - +0 chain mail
rPois   .          Reflect  .   (helmet restricted)
rElec   .          Harm     .   o - +1 cloak
rCorr   .          Rampage  .   (no gloves)
Will    .....                   (no boots)
Stlth   ..........              w - amulet of the acrobat
HPRegen 0.25/turn               (no ring)
MPRegen 0.11/turn               (no ring)

@: about to teleport
A: horns 2, retaliatory headbutt
a: Renounce Religion, Berserk, Trog's Hand, Brothers in Arms


You were on level 7 of the Dungeon.
You worshipped Trog.
Trog was greatly pleased with you.
You visited 1 branch of the dungeon, and saw 7 of its levels.
You also visited: Sewer.

You collected 423 gold pieces.

Inventory:

Hand Weapons
 a - a +0 hunting sling
 s - a +1 flail of flaming (weapon)
Missiles
 c - 2 throwing nets
 x - 5 javelins (quivered)
 y - 7 curare-tipped darts
Armour
 n - a +0 chain mail (worn)
 o - a +1 cloak (worn)
Jewellery
 w - an amulet of the acrobat (around neck)
Wands
 m - a wand of flame (9)
 u - a wand of polymorph (14)
Scrolls
 d - 3 scrolls of blinking
 e - a scroll of identify
 f - a scroll of immolation
 j - a scroll of fear
 l - 2 scrolls of teleportation
 q - a scroll of enchant weapon
 r - 3 scrolls of silence
Potions
 b - a potion of degeneration {unknown}
 g - a potion of resistance
 h - 3 potions of curing
 k - a potion of berserk rage
 p - a potion of lignification
 t - a potion of might


   Skills:
 - Level 10.0 Fighting
 - Level 14.0 Maces & Flails
 + Level 6.6 Armour
 - Level 2.3 Dodging


You had 9 spell levels left.
You didn't know any spells.
Your spell library was empty.

Dungeon Overview and Level Annotations

Branches:
Dungeon (7/15)             Temple (0/1) D:4           Sewer (visited)

Altars:


Innate Abilities, Weirdness & Mutations

You have a pair of horns on your head.
You reflexively headbutt those who attack you in melee.


Message History

The ice beast barely misses you. You furiously retaliate!
You headbutt the ice beast, but do no damage.
You hit the ice beast.
You melt the ice beast.
You kill the ice beast!
Trog accepts your kill.
You feel yourself speed up.
There is an open door here.
As you close the door, it creaks loudly!
You start resting.
You recover from your berserk rage.
You start resting.
HP restored.
You open the door.
A seven-headed hydra comes into view.
The seven-headed hydra roars!
There is an open door here.
The seven-headed hydra bites you! The seven-headed hydra bites you.
The seven-headed hydra bites you! x3; The seven-headed hydra bites you. x2
The seven-headed hydra bites you!
The seven-headed hydra completely misses you.
The seven-headed hydra misses you. x2
The seven-headed hydra barely misses you.
The seven-headed hydra misses you. x2
There is an open door here.
As you read the scroll of teleportation, it crumbles to dust.
You feel strangely unstable. The seven-headed hydra bites you!
* * * LOW HITPOINT WARNING * * *
The seven-headed hydra bites you but does no damage.
The seven-headed hydra bites you.
* * * LOW HITPOINT WARNING * * *
The seven-headed hydra bites you but does no damage.
The seven-headed hydra bites you.
* * * LOW HITPOINT WARNING * * *
The seven-headed hydra bites you!
* * * LOW HITPOINT WARNING * * *
The seven-headed hydra bites you but does no damage.
The seven-headed hydra attacks as you move away!
The seven-headed hydra barely misses you.
The seven-headed hydra bites you!
You die...

#........#...##.#[.)
######..##...##.##.# #
#..#..#..# .#"#
##.######.##.#.#.## ###
#.........#...#...# Y#.
#..##.#..##).#.#..##
#......#.#..#.#.#..#
#.#......#D........#
#........@################
#####.##.............)....
#.###.###......####.##
#####.###.# ##...### #.#
#.........# ##+## #.#
#.###.##.## #.# #.## #.#
#.##.# #.# #... #.#
#.##.######<## #### #.#
#............##


You could see a seven-headed hydra.

Vanquished Creatures
  2 death knights (D:7)
  A wraith (D:7)
  A yak (D:7)
  A vampire mosquito (D:7)
  A water moccasin (D:7)
  4 ice beasts
  A sky beast (D:5)
  3 ogres
  A phantom (D:6)
  A kobold brigand (D:6)
  2 necrophages
  2 bullfrogs (Sewer)
  A gnoll sergeant (D:5)
  5 wights
  6 killer bees (D:7)
  A howler monkey (D:6)
  5 hounds
  3 orc priests
  Crazy Yiuf (D:2)
  2 gnoll shamans
  5 iguanas
  Jessica (D:2)
  2 orc wizards
  20 gnolls
  10 adders
  An ufetubus (D:5)
  2 worms
  A dart slug (D:4)
  12 orcs
  16 endoplasms
  19 giant cockroaches
  8 hobgoblins
  4 jackals (D:3)
  10 kobolds
  12 quokkas
  9 ball pythons
  7 bats
  7 frilled lizards
  3 goblins (D:2)
  7 rats
200 creatures vanquished.

Notes
Turn   | Place    | Note
-------+----------+-------------------------------------------
     0 | D:1      | quokkamancerX the Minotaur Berserker began the quest for
                  | the Orb.
     0 | D:1      | Reached XP level 1. HP: 19/19 MP: 0/0
   398 | D:1      | Reached skill level 4 in Maces & Flails
   493 | D:1      | Reached XP level 2. HP: 27/27 MP: 1/1
  1375 | D:2      | Reached XP level 3. HP: 30/33 MP: 2/2
  1484 | D:2      | Reached skill level 5 in Maces & Flails
  2133 | D:2      | Noticed Jessica
  2149 | D:2      | Killed Jessica
  2150 | D:2      | Reached XP level 4. HP: 35/40 MP: 3/3
  2317 | D:2      | Found a runed translucent door.
  2318 | D:2      | Noticed Crazy Yiuf
  2342 | D:2      | Paralysed by Crazy Yiuf for 5 turns
  2348 | D:2      | Killed Crazy Yiuf
  2349 | D:2      | Reached skill level 6 in Maces & Flails
  2598 | D:3      | Found a transporter.
  2622 | D:3      | Found a transporter.
  2863 | D:3      | Reached XP level 5. HP: 46/46 MP: 4/4
  3200 | D:3      | Reached skill level 7 in Maces & Flails
  3503 | D:4      | Found a glowing drain.
  3508 | D:4      | Reached ** piety under Trog
  3533 | Sewer    | Entered a sewer
  3895 | Sewer    | Reached *** piety under Trog
  3919 | Sewer    | Reached skill level 8 in Maces & Flails
  3919 | Sewer    | Reached XP level 6. HP: 52/52 MP: 5/5
  4683 | D:4      | Reached skill level 9 in Maces & Flails
  4687 | D:4      | Reached XP level 7. HP: 58/58 MP: 6/6
  4761 | D:4      | Found a staircase to the Ecumenical Temple.
  4906 | D:4      | Reached skill level 10 in Maces & Flails
  5424 | D:5      | Entered Level 5 of the Dungeon
  5938 | D:5      | Reached skill level 11 in Maces & Flails
  6454 | D:5      | Reached XP level 8. HP: 66/66 MP: 7/7
  6803 | D:6      | Reached skill level 12 in Maces & Flails
  6997 | D:6      | Reached **** piety under Trog
  7550 | D:6      | Reached skill level 13 in Maces & Flails
  7938 | D:6      | Reached skill level 14 in Maces & Flails
  8103 | D:7      | Reached XP level 9. HP: 71/72 MP: 8/8
  8290 | D:7      | Reached skill level 5 in Fighting
  8961 | D:7      | Found the macabre finger necklace {rN+}
  8961 | D:7      | Noticed a death knight
  8961 | D:7      | Noticed a death knight
  8970 | D:7      | Killed a death knight
  8980 | D:7      | Killed a death knight
  8981 | D:7      | Reached skill level 10 in Fighting
  8981 | D:7      | Reached skill level 5 in Armour
  8988 | D:7      | Reached XP level 10. HP: 44/93 MP: 9/9
  9248 | D:7      | Noticed a seven-headed hydra
  9254 | D:7      | Slain by a seven-headed hydra

Illustrated notes

Levels and vault maps discovered:
D:1:      dpeg_arrival_fog, layout_loops_ring
D:2:      layout_loops_ring, minmay_domino_2, uniq_crazy_yiuf_cottage,
          uniq_jessica
D:3:      gammafunk_wand_slinger, layout_basic
D:4:      layout_cave_pods, minmay_temple_entry_mini_moons,
          portal_sewer_entry_f, minmay_misc_feat_alley, st_stairs_3
D:5:      layout_basic, nrook_pool_corridor, chequers_serial_rivers_micro_e
D:6:      layout_rooms
D:7:      minmay_the_grid_triangle_9x9_recursive_2
          [minmay_the_grid_triangle_9x9_prize_top_heavy,
          minmay_the_grid_triangle_9x9_limited_checkers,
          minmay_the_grid_triangle_9x9_odd_lines,
          minmay_the_grid_triangle_9x9_minimal], layout_loops_corners

Skill      XL: |  1  2  3  4  5  6  7  8  9 10 |
---------------+-------------------------------+-----
Maces & Flails | 4 5 6 8 9 11 14 | 14.0
Fighting       | 4 10 | 10.0
Armour         | 5 6 |  6.6
Dodging        | |  2.3

Action                   |  1- 3 |  4- 6 |  7- 9 | 10-12 || total
-------------------------+-------+-------+-------+-------++-------
Melee: Mace              |    83 |    18 |       |       ||   101
       Headbutt          |    10 |    12 |    37 |     2 ||    61
       Flail             |       |   145 |   241 |    13 ||   399
       Punch             |       |       |     3 |       ||     3
Throw: Javelin           |       |       |    17 |       ||    17
Invok: Berserk           |     1 |     3 |     8 |       ||    12
Evoke: Wand              |       |     8 |     2 |       ||    10
  Use: Scroll            |       |     7 |    11 |     1 ||    19
       Potion            |       |     1 |     1 |       ||     2
Armor: Animal skin       |    20 |       |       |       ||    20
       Chain mail        |       |   109 |   112 |     9 ||   230
Dodge: Dodged            |    54 |    82 |   100 |     9 ||   245

Table legend: (Time is in decaauts)
 A = Elapsed time spent in this place.
 B = Non-inter-level travel time spent in this place.
 C = Inter-level travel time spent in this place.
 D = Time resting spent in this place.
 E = Time spent auto-exploring this place.
 F = Levels seen in this place.
 G = Mean time per level.
                   A        B        C        D        E       F      G
               +--------+--------+--------+--------+--------+-----+--------+
         Total |   9425 |   9265 |    160 |   3190 |   3038 |   8 | 1178.1 |
       Dungeon |   8648 |   8488 |    160 |   2814 |   3038 |   7 | 1235.4 |
         Sewer |    777 |    777 |      0 |    376 |      0 |   1 |  777.0 |
               +--------+--------+--------+--------+--------+-----+--------+

Top non-repeatable levels by time:
     D:5: 1738 daAuts
     D:1: 1278 daAuts
     D:2: 1274 daAuts
     D:4: 1238 daAuts
     D:7: 1193 daAuts
     D:3: 990 daAuts
     D:6: 934 daAuts
   Sewer: 777 daAuts
